Map: El Dorado

Players

bufon - Winner!

  • Race: Protoss Protoss
  • League: Silver
  • Spawn Location: 7:00

iPlayDefense

  • Race: Terran Terran
  • League: Bronze
  • Spawn Location: 5:00

VOD

Have the link to the VOD?

Description

Time

  • Played on: April 13, 2025, 9:53 a.m.
  • Length: 19:21
Show
View Real Time Build Order
Export as new Build Order

bufon Protoss - Winner!

Build Orders: 1 Gate Expand 

Get SALT Encoding   

  1  0:00  Probe  
  13  0:07  Probe  
  14  0:18  Probe  
  15  0:35  Pylon  
  15  0:39  Assimilator  
  15  0:53  Probe  
  15  0:56  Gateway  
  16  1:05  Probe  
  17  1:20  Probe  
  18  1:27  Nexus  
  18  1:28  Probe  
  19  1:38  Probe  
  20  1:47  Cybernetics Core  
  20  1:57  Pylon  
  20  2:01  Assimilator  
  20  2:14  Probe  
  20  2:22  Probe  
  21  2:23  Forge  
  21  2:25  Stalker  
  24  2:32  Probe  
  24  2:35  Probe  
  25  2:43  Probe  
  25  2:44  Probe  
  28  2:53  Probe  
  28  2:54  Stalker  
  28  2:55  Warp Gate  
  28  2:56  Probe  
  32  3:03  Photon Cannon  
  32  3:15  Photon Cannon  
  32  3:18  Shield Battery  
  32  3:20  Probe  
  33  3:28  Probe  
  33  3:30  Pylon  
  34  3:35  Probe  
  34  3:38  Probe  
  36  3:45  Pylon, Probe  
  37  3:50  Protoss Shields Level 1  
  37  3:53  Probe  
  37  4:01  Probe  
  38  4:05  Gateway  
  38  4:09  Gateway  
  39  4:13  Probe  
  40  4:21  Gateway  
  40  4:24  Gateway  
  40  4:25  Probe  
  40  4:29  Photon Cannon  
  41  4:42  Pylon  
  41  4:51  Stalker  
  43  4:54  Twilight Council  
  43  5:00  Gateway  
  43  5:03  Photon Cannon  
  43  5:07  Probe  
  44  5:15  Assimilator, Robotics Facility, Probe  
  44  5:17  Assimilator  
  44  5:18  Probe  
  45  5:26  Probe  
  45  5:28  Robotics Facility  
  46  5:35  Photon Cannon  
  47  5:36  Probe  
  47  5:37  Photon Cannon  
  47  5:42  Stalker x2  
  50  5:43  Stalker  
  50  5:45  Forge  
  50  5:47  Blink  
  54  5:58  Protoss Ground Weapons Level 1  
  54  6:05  Dark Shrine  
  54  6:07  Observer  
  55  6:12  Probe  
  56  6:20  Probe  
  56  6:25  Observer  
  58  6:30  Probe  
  58  6:31  Protoss Ground Armor Level 1  
  58  6:36  Zealot  
  58  6:37  Zealot x4  
  69  6:48  Pylon  
  69  6:52  Gateway  
  69  6:59  Nexus  
  69  7:04  Pylon  
  69  7:24  Stalker  
  69  7:25  Stalker x5  
  69  7:29  Immortal  
  85  7:37  Probe  
  86  7:48  Charge  
  86  7:50  Pylon  
  86  7:54  Pylon  
  86  8:08  Probe, Immortal  
  86  8:09  Protoss Ground Weapons Level 2  
  91  8:13  Shadow Stride  
  91  8:17  Dark Templar  
  91  8:18  Dark Templar  
  91  8:19  Probe  
  95  8:20  Probe  
  97  8:27  Probe  
  97  8:32  Probe  
  99  8:34  Gateway  
  99  8:37  Probe  
  99  8:38  Pylon  
  100  8:44  Probe  
  101  8:49  Probe  
  101  8:53  Nexus  
  102  8:56  Assimilator  
  102  8:58  Assimilator  
  102  9:01  Probe  
  103  9:07  Protoss Ground Armor Level 2  
  103  9:10  Dark Templar  
  103  9:11  Dark Templar x3  
  103  9:13  Probe  
  112  9:21  Probe  
  112  9:28  Immortal  
  112  9:29  Probe, Immortal  
  122  9:39  Probe  
  123  9:59  Stalker  
  125  10:11  Photon Cannon  
  125  10:13  Photon Cannon  
  125  10:16  Photon Cannon  
  125  10:18  Shield Battery  
  97  11:01  Stalker  
  97  11:02  Stalker x6  
  97  11:03  Stalker  
  113  11:11  Photon Cannon  
  113  11:21  Immortal x2  
  121  11:40  Pylon  
  121  12:00  Immortal  
  125  12:02  Dark Templar x2  
  125  12:03  Dark Templar  
  125  12:04  Dark Templar x2  
  87  12:31  Immortal  
  87  12:35  Zealot  
  87  12:36  Zealot x5  
  101  12:37  Zealot x2  
  101  12:39  Immortal  
  109  12:49  Protoss Shields Level 2  
  109  12:59  Pylon  
  109  13:10  Immortal  
  109  13:11  Nexus  
  109  13:12  Protoss Ground Armor Level 3  
  113  13:15  Stalker x4  
  113  13:16  Stalker x3  
  113  13:19  Immortal  
  131  13:24  Protoss Air Armor Level 1  
  131  13:29  Assimilator  
  131  13:31  Assimilator  
  131  13:35  Pylon  
  131  13:40  Stargate  
  131  13:42  Stargate  
  129  13:53  Dark Templar  
  121  13:57  Zealot x3  
  121  13:58  Zealot x4  
  133  14:10  Observer  
  134  14:22  Stargate  
  134  14:24  Stargate  
  134  14:25  Probe  
  134  14:28  Observer  
  136  14:33  Probe  
  137  14:42  Probe  
  138  14:46  Stalker x5  
  138  14:47  Stalker  
  120  15:16  Fleet Beacon  
  120  15:23  Probe  
  120  15:28  Nexus  
  121  15:31  Probe  
  121  15:33  Protoss Air Weapons Level 1  
  122  15:41  Probe  
  122  15:45  Assimilator  
  122  15:47  Assimilator  
  123  15:51  Pylon  
  123  15:56  Stalker x4  
  123  15:57  Stalker x4  
  139  16:07  Protoss Ground Weapons Level 3  
  139  16:15  Photon Cannon  
  139  16:16  Photon Cannon  
  139  16:19  Photon Cannon  
  139  16:21  Photon Cannon  
  139  16:24  Shield Battery  
  139  16:26  Shield Battery  
  139  16:30  Protoss Shields Level 3  
  139  16:36  Tempest x4  
  155  16:52  Gateway  
  155  16:56  Zealot x3  
  155  16:57  Zealot x5  
  171  17:07  Probe  
  172  17:15  Probe  
  173  17:23  Nexus  
  173  17:25  Probe  
  173  17:27  Pylon  
  174  17:55  Tempest x4  
  190  18:14  Unknown  
Show
View Real Time Build Order
Export as new Build Order

iPlayDefense Terran 

Build Orders:  

Get SALT Encoding   

  12  0:02  SCV  
  13  0:18  Supply Depot  
  13  0:19  SCV  
  14  0:26  Refinery  
  14  0:32  SCV  
  15  0:44  SCV  
  15  0:47  Barracks  
  16  1:03  Supply Depot  
  16  1:16  SCV  
  17  1:28  SCV  
  18  1:42  Orbital Command  
  18  1:44  Barracks Reactor  
  18  2:01  Command Center  
  17  2:21  SCV  
  18  2:24  Marine x2  
  20  2:31  Factory  
  20  2:33  SCV  
  21  2:39  Refinery  
  21  2:44  Marine x2  
  23  3:15  Factory Tech Lab  
  23  3:16  Barracks  
  23  3:17  Barracks  
  23  3:21  SCV  
  23  3:26  Marine x2  
  26  3:33  SCV  
  27  3:39  Siege Tank  
  30  3:46  SCV  
  31  3:53  Bunker  
  31  3:58  SCV  
  32  4:10  Barracks Tech Lab x2, SCV  
  32  4:12  Cyclone  
  32  4:14  SCV  
  32  4:15  Marine  
  38  4:22  SCV  
  39  4:26  SCV  
  40  4:46  Bunker  
  40  4:53  Combat Shield  
  40  4:55  Stimpack  
  40  4:59  SCV x2, Marine  
  42  5:00  Marine x3  
  46  5:18  Supply Depot  
  46  5:26  SCV, Marauder x2, Siege Tank  
  54  5:41  Supply Depot  
  54  5:42  Engineering Bay  
  54  5:43  Starport  
  55  5:50  SCV x2, Marine  
  55  5:51  Marine x3  
  60  6:02  SCV x2  
  60  6:03  Supply Depot  
  62  6:09  Marauder  
  64  6:11  Terran Infantry Weapons Level 1  
  64  6:14  Armory  
  64  6:24  SCV x2  
  64  6:25  Marine x3  
  69  6:32  Supply Depot  
  69  6:33  Starport Tech Lab  
  69  6:34  Starport Reactor  
  69  6:36  SCV x2  
  71  6:41  Concussive Shells  
  71  7:00  Marine x4  
  75  7:02  Siege Tank  
  78  7:10  Supply Depot  
  78  7:17  Marine  
  78  7:18  Marauder  
  78  7:19  Marauder  
  78  7:20  Refinery  
  78  7:22  Refinery  
  83  7:34  Siege Tank  
  83  7:35  Terran Vehicle Weapons Level 1  
  86  7:40  Marauder  
  88  7:45  SCV x2, Marine, Bunker  
  88  7:46  Marine x2  
  93  7:56  Supply Depot  
  93  7:57  SCV  
  94  8:03  Orbital Command  
  94  8:12  Supply Depot  
  94  8:17  Medivac x2  
  94  8:18  Marauder x2  
  102  8:23  Terran Infantry Armor Level 1  
  102  8:34  Siege Tank, Marine x2, SCV x2  
  107  8:38  Marine  
  110  8:41  Supply Depot  
  110  8:45  Supply Depot  
  110  9:00  Missile Turret  
  110  9:03  SCV, Marauder x2  
  110  9:04  Supply Depot  
  110  9:08  Supply Depot  
  115  9:14  SCV, Marine, Command Center  
  115  9:15  SCV, Marine  
  115  9:16  Siege Tank  
  122  9:24  Marine  
  122  9:25  Marauder  
  122  9:26  Supply Depot, SCV, Medivac  
  122  9:30  Supply Depot  
  128  9:43  Marauder  
  130  9:48  Siege Tank  
  130  9:50  SCV x2, Marine x3  
  138  10:02  SCV  
  138  10:04  Marauder  
  141  10:09  Marauder  
  143  10:20  Thor, Terran Infantry Weapons Level 2  
  94  10:50  SCV  
  94  10:51  SCV, Marine x3  
  94  10:52  Marauder  
  91  11:02  SCV  
  91  11:03  Thor  
  98  11:05  Medivac x2  
  98  11:09  Marauder  
  98  11:10  Supply Depot  
  104  11:12  Supply Depot  
  104  11:16  Terran Vehicle Weapons Level 2  
  104  11:30  Missile Turret  
  104  11:38  Bunker  
  104  11:44  SCV  
  104  11:45  SCV  
  104  11:46  Marine x3  
  104  11:47  Marine  
  109  11:48  Thor  
  116  11:55  Missile Turret  
  116  11:57  SCV x2  
  118  12:04  Marine  
  118  12:05  Marauder x2  
  118  12:26  Marauder x2  
  117  12:36  Terran Infantry Armor Level 2  
  117  12:37  Orbital Command  
  117  12:39  SCV  
  117  12:40  SCV, Marine x2  
  117  12:42  Thor  
  127  12:47  Marine x2  
  128  12:52  SCV  
  128  12:53  Supply Depot  
  128  12:58  Supply Depot  
  129  12:59  Medivac x2  
  137  13:05  Marauder x2  
  137  13:13  SCV x2  
  137  13:14  Marine x2  
  141  13:24  Thor  
  141  13:25  SCV  
  141  13:26  Supply Depot, Marine  
  151  13:27  Marauder  
  151  13:28  Supply Depot  
  151  13:29  Viking, Medivac  
  151  13:31  Marine  
  156  13:45  Marauder  
  159  13:48  Marauder  
  157  13:59  Viking x2  
  161  14:06  Marauder  
  163  14:27  SCV x3, Marine x4  
  163  14:29  Siege Tank  
  163  14:30  Medivac  
  177  14:45  Marauder  
  177  14:46  Marauder  
  135  15:01  Siege Tank  
  115  15:07  SCV x3, Marauder  
  115  15:09  Marine x3  
  119  15:19  SCV x2  
  121  15:27  Marine x2  
  121  15:28  Marauder x2  
  127  15:33  Siege Tank  
  130  15:47  Refinery  
  130  15:51  SCV x3  
  130  15:52  Marine x4, Refinery  
  137  15:59  Medivac  
  139  16:05  Siege Tank  
  139  16:10  Marauder  
  139  16:11  Marauder  
  146  16:31  Refinery  
  146  16:32  Marauder  
  148  16:35  Refinery  
  148  16:37  Thor, Command Center  
  154  16:43  Missile Turret  
  154  17:09  Marine x3  
  154  17:10  Marine  
  154  17:12  Medivac x2  
  162  17:20  Thor  
  168  17:27  Marine  
  168  17:28  Marauder x2  
  161  18:02  Thor  
  167  18:09  Orbital Command  
  167  18:16  Marine x4  
  171  18:21  Viking x2  
  175  18:34  Marine, Marauder  
  175  18:35  Marauder  
Tags
 
Matchup
PvT
Replay Pack
DaveSC2
Spawn Locations
Close Positions
Add a new tag
Caveats
  • Supply blocks, unpowered buildings, or Contaminate may cause inaccurate times.
  • Supply counts are checked every 10 seconds.